 Dungeon Crawl Stone Soup version 0.28-a0-472-g50180c0d78 (webtiles) character file.

Game seed: 12176518481078956690

43 Morbidden the Covered (level 3, -2/46 HPs)
             Began as a Demigod Fighter on Sept 15, 2021.
             Slain by Sigmund (5 damage)
             ... on level 2 of the Dungeon.
             The game lasted 00:01:16 (1538 turns).

Morbidden the Covered (Demigod Fighter)             Turns: 1538, Time: 00:01:17

Health: -2/46      AC: 21    Str: 17    XL:     3   Next: 20%
Magic:  5/5        EV:  2    Int: 14    God:
Gold:   90         SH:  4    Dex: 13    Spells: 2/2 levels left

rFire   . . .      SeeInvis .   a - +0 flail
rCold   . . .      Faith    .   c - +0 buckler
rNeg    + + +      Spirit   .   (armour currently unavailable)
rPois   +          Reflect  .   (helmet currently unavailable)
rElec   .          Harm     .   (cloak currently unavailable)
rCorr   .          Rampage  .   (gloves currently unavailable)
Will    .....      NoTele   +   (boots currently unavailable)
Stlth   +.........              (no amulet)
HPRegen 0.15/turn               (no ring)
MPRegen 0.09/turn               (no ring)

@: tree-form
A: stationary, stasis, torment immunity, boosted hp, high mp 1, forlorn
a: no special abilities


You were on level 2 of the Dungeon.
You were a tree.
You visited 1 branch of the dungeon, and saw 2 of its levels.

You collected 90 gold pieces.

Inventory:

Hand Weapons
 a - a +0 flail (weapon)
Armour
 b - a +0 scale mail (melded)
 c - a +0 buckler (worn)
 j - a +1 pair of boots (melded)
Scrolls
 f - 2 scrolls of enchant armour {unknown}
 g - a scroll of silence {unknown}
 i - a scroll of identify {unknown}
 k - a scroll of teleportation {unknown}
 l - a scroll of noise {unknown}
Potions
 d - a potion of might


   Skills:
 * Level 3.0 Fighting
 + Level 2.0 Maces & Flails
 * Level 3.1 Armour
 * Level 1.0 Dodging
 * Level 3.0 Shields
 * Level 0.1 Spellcasting


You had 2 spell levels left.
You didn't know any spells.
Your spell library contained the following spells:

 Spells                   Type           Power      Damage    Failure   Level
 Sandblast                Erth           0%         2d4       32%         1
 Passwall                 Tmut/Erth      0%         N/A       43%         2
 Stone Arrow              Conj/Erth      0%         3d7       67%         3


Dungeon Overview and Level Annotations

Branches:
Dungeon (2/15)

Shops:
D:2 (

Annotations:
D:2 Sigmund


Innate Abilities, Weirdness & Mutations

You are a tree.
Your roots penetrate the ground, keeping you stationary.
You cannot be teleported.
You are immune to unholy pain and torment.
Your maximum health is greatly increased.
Your equipment is partially melded.
Your attributes grow dramatically as you level up.
You have an increased reservoir of magic. (+10% MP)
You shall have no god before yourself.


Message History

You cannot move.
You cannot move.
Unknown command.
You cannot move.
You cannot move.
Unknown command.
You cannot move.
You cannot move.
You cannot move.
You cannot move.
Unknown command.
You cannot move.
You hit something. You block something's attack.
You closely miss something. Something hits you but does no damage.
You miss something. Something hits you!
* * * LOW HITPOINT WARNING * * *
You hit something but do no damage. Something hits you but does no damage.
You closely miss something. Something hits you but does no damage.
You sock something! Something hits you but does no damage.
You miss something. You closely miss something.
You hear some strange, mumbled words.
A magic dart appears from out of thin air!
The magic dart hits you but does no damage.
You hear some strange, mumbled words.
A puff of flame appears from out of thin air!
The puff of flame hits you.
* * * LOW HITPOINT WARNING * * *
You cannot move.
You closely miss something. You block something's attack.
You closely miss something. Something hits you but does no damage.
You closely miss something. Something hits you.
* * * LOW HITPOINT WARNING * * *
You closely miss something. You closely miss something.
You hear some strange, mumbled words.
A magic dart appears from out of thin air!
The magic dart hits you but does no damage.
Something hits you.
You die...

.## #.##### ..#
#.....# #.# ..#
#####.# #.# #.##
#.# #.# #.># #.#
#.# ##.# #.# #.#
#.# #.# #.# #.#
#.# #{# #.# #.#
#♣# #.# #.# #.#
#.# #.# #.#
##.#######.# #.#
..†.....##.# #.#
........##.# #.#
........##.#####.#
........##.......#
........##.#######


There were no monsters in sight!

Vanquished Creatures
  An adder (D:2)
  2 dart slugs (D:1)
  A ball python (D:1)
  3 endoplasms
  3 giant cockroaches
  3 goblins
  3 hobgoblins (D:1)
  A quokka (D:2)
  5 bats
  3 frilled lizards (D:1)
  3 kobolds (D:1)
  A rat (D:1)
29 creatures vanquished.

Notes
Turn   | Place    | Note
-------+----------+-------------------------------------------
     0 | D:1      | Morbidden the Demigod Fighter began the quest for the Orb.
     0 | D:1      | Reached XP level 1. HP: 18/18 MP: 3/3
    71 | D:1      | Noticed a golden eye
   113 | D:1      | Noticed a golden eye
   113 | D:1      | Noticed a great orb of eyes
   113 | D:1      | Noticed a floating eye
   218 | D:1      | Reached XP level 2. HP: 24/25 MP: 4/4
  1240 | D:2      | Found Vekhohoz's Antique Weapon Emporium.
  1362 | D:2      | Reached skill level 1 in Dodging
  1362 | D:2      | Reached XP level 3. HP: 27/31 MP: 5/5
  1513 | D:2      | Noticed Sigmund
  1538 | D:2      | Slain by Sigmund

Illustrated notes

Levels and vault maps discovered:
D:1:      beargit_arrival_greenhouse, layout_basic,
          hellmonk_ecumenical_altar_watching_god
D:2:      layout_basic, serial_shops, nicolae_shop_statue_plus, shop_coins,
          shop, shop, nicolae_lakefront_shop, uniq_sigmund

Skill      XL: |  1  2 |
---------------+-------+-----
Fighting       | 3 |  3.0
Armour         | 3 |  3.1
Maces & Flails | 2 |  2.0
Shields        | 3 |  3.0
Dodging        | 1 |  1.0
Spellcasting   | |  0.1

Action                   || total
-------------------------++-------
Melee: Flail             ||   114
  Use: Potion            ||     2
Armor: Scale mail        ||    60
       Skin              ||     8
Dodge: Dodged            ||    46
Block: Buckler           ||    25

Table legend: (Time is in decaauts)
 A = Elapsed time spent in this place.
 B = Non-inter-level travel time spent in this place.
 C = Inter-level travel time spent in this place.
 D = Time resting spent in this place.
 E = Time spent auto-exploring this place.
 F = Levels seen in this place.
 G = Mean time per level.
                   A        B        C        D        E       F      G
               +--------+--------+--------+--------+--------+-----+--------+
         Total |   1574 |   1517 |     57 |      0 |   1251 |   2 |  787.0 |
       Dungeon |   1574 |   1517 |     57 |      0 |   1251 |   2 |  787.0 |
               +--------+--------+--------+--------+--------+-----+--------+

Top non-repeatable levels by time:
     D:1: 1262 daAuts
     D:2: 312 daAuts
